[ AOE2 MATCH · #504595473 ]
UnrankedTeutons vs Khmer
Player's team · LOSS
[ REPLAY ANALYSIS · EXTRACTED FROM THE RECORDED GAME ]
Feudal
8:19
Castle
—
Imperial
—
| APM avg | 57.4 |
| APM peak | 95 |
| eAPM avg | 20.2 |
| Villagers / military | 34 / 3 |
Focus
⚔️ 32.1% · 🌾 67.9%
Spearman ×3
Feudal
11:46
Castle
—
Imperial
—
| APM avg | 34.4 |
| APM peak | 55 |
| eAPM avg | 19.4 |
| Villagers / military | 43 / 4 |
Focus
⚔️ 39.8% · 🌾 60.2%
Scout Cavalry ×4
Match map
Initial resources + every placement click. Lines = walls · curves = elevation contours. ◆ gold · ⬟ stone · ● berries · ✦ relic · ◌ wall gap
Your base· Open — 4t gap
習近平's base· Open — 3t gap
Smoothed initial terrain · ◌ = detected wall gap · hover for details
Inputs per minute
— solidair - - 習近平
Build order — solidair
90 actions detected in the replay
| 0:01 | Queue | Villager (Male) ×4 |
| 0:03 | Build | House |
| 0:04 | Build | House |
| 1:08 | Queue | Villager (Male) |
| 2:00 | Queue | Villager (Male) |
| 2:19 | Queue | Villager (Male) |
| 2:40 | Queue | Villager (Male) |
| 2:54 | Build | Lumber Camp |
| 3:19 | Queue | Villager (Male) |
| 3:32 | Queue | Villager (Male) |
| 3:50 | Build | House |
| 4:13 | Queue | Villager (Male) |
| 4:14 | Queue | Villager (Male) |
| 4:53 | Queue | Villager (Male) |
| 4:53 | Research | Loom |
| 5:15 | Build | Mining Camp |
| 5:21 | Build | Mining Camp |
| 6:09 | Research | Feudal Age |
| 6:09 | Research | Feudal Age |
| 7:21 | Queue | Villager (Male) |
| 7:51 | Build | House |
| 8:19 | Age | Feudal Age |
| 8:25 | Build | Watch Tower |
| 8:32 | Queue | Villager (Male) |
| 8:56 | Queue | Villager (Male) |
| 9:19 | Queue | Villager (Male) |
| 9:30 | Queue | Villager (Male) |
| 9:41 | Build | Watch Tower |
| 9:53 | Build | House |
| 9:54 | Build | Palisade Wall |
| 10:10 | Queue | Villager (Male) |
| 10:19 | Queue | Villager (Male) |
| 10:46 | Build | Watch Tower |
| 10:55 | Build | Watch Tower |
| 10:58 | Build | Palisade Wall |
| 11:00 | Build | Palisade Wall |
| 11:03 | Build | House |
| 11:05 | Build | House |
| 11:09 | Queue | Villager (Male) |
| 11:23 | Queue | Villager (Male) |
| 11:36 | Build | Palisade Wall |
| 11:36 | Build | Palisade Wall |
| 11:37 | Build | Palisade Wall |
| 11:41 | Build | Palisade Wall |
| 11:42 | Build | Palisade Wall |
| 11:48 | Queue | Villager (Male) |
| 11:53 | Build | Barracks |
| 12:04 | Build | House |
| 12:05 | Build | Palisade Wall |
| 12:09 | Queue | Villager (Male) |
| 12:17 | Build | Palisade Wall |
| 12:17 | Build | Palisade Wall |
| 12:28 | Build | Mining Camp |
| 12:40 | Queue | Villager (Male) |
| 13:03 | Research | Double-Bit Axe |
| 13:36 | Queue | Villager (Male) |
| 13:40 | Build | Mill |
| 13:46 | Queue | Villager (Male) |
| 14:13 | Queue | Villager (Male) |
| 14:32 | Research | Horse Collar |
| 15:07 | Build | Watch Tower |
| 15:11 | Queue | Villager (Male) |
| 15:14 | Build | Farm |
| 15:15 | Build | Farm |
| 15:16 | Build | Farm |
| 15:23 | Queue | Villager (Male) |
| 15:34 | Queue | Spearman |
| 15:34 | Queue | Spearman |
| 15:59 | Build | Palisade Wall |
| 16:00 | Build | Palisade Wall |
| 16:04 | Build | Farm |
| 16:05 | Build | Farm |
| 16:08 | Build | House |
| 16:09 | Build | House |
| 16:14 | Build | Farm |
| 16:16 | Queue | Villager (Male) |
| 16:18 | Build | House |
| 16:31 | Queue | Spearman |
| 16:44 | Build | Palisade Wall |
| 16:46 | Queue | Villager (Male) |
| 16:51 | Build | Farm |
| 16:54 | Build | Palisade Gate |
| 16:59 | Build | Farm |
| 17:02 | Build | Farm |
| 17:04 | Queue | Villager (Male) |
| 17:30 | Queue | Villager (Male) |
| 17:37 | Build | Palisade Wall |
| 17:38 | Build | Palisade Wall |
| 17:38 | Build | Palisade Wall |
| 17:45 | Build | Palisade Wall |
Build order — 習近平
75 actions detected in the replay
| 1:33 | Queue | Villager (Male) ×4 |
| 1:35 | Build | House |
| 1:36 | Build | House |
| 3:05 | Queue | Villager (Male) |
| 3:05 | Queue | Villager (Male) |
| 3:31 | Queue | Villager (Male) |
| 3:31 | Queue | Villager (Male) |
| 3:58 | Queue | Villager (Male) |
| 3:58 | Queue | Villager (Male) |
| 4:20 | Research | Loom |
| 4:27 | Queue | Villager (Male) |
| 4:27 | Queue | Villager (Male) |
| 4:50 | Queue | Villager (Male) |
| 4:50 | Queue | Villager (Male) |
| 4:50 | Queue | Villager (Male) |
| 5:21 | Build | House |
| 5:24 | Queue | Villager (Male) |
| 5:33 | Queue | Villager (Male) |
| 5:38 | Build | House |
| 5:48 | Build | Lumber Camp |
| 6:13 | Queue | Villager (Male) |
| 6:33 | Queue | Villager (Male) |
| 7:06 | Queue | Villager (Male) |
| 7:39 | Queue | Villager (Male) |
| 7:50 | Build | Palisade Wall |
| 7:53 | Build | Palisade Gate |
| 8:02 | Queue | Villager (Male) |
| 8:11 | Queue | Villager (Male) |
| 8:26 | Research | Loom |
| 9:11 | Queue | Villager (Male) |
| 9:11 | Queue | Villager (Male) |
| 9:11 | Queue | Villager (Male) |
| 9:11 | Queue | Villager (Male) |
| 9:34 | Research | Feudal Age |
| 9:34 | Research | Feudal Age |
| 10:42 | Build | Barracks |
| 10:56 | Queue | Villager (Male) |
| 10:57 | Queue | Villager (Male) |
| 11:25 | Build | Palisade Gate |
| 11:36 | Queue | Villager (Male) |
| 11:46 | Age | Feudal Age |
| 11:51 | Build | Watch Tower |
| 12:02 | Build | House |
| 12:16 | Build | Blacksmith |
| 12:44 | Queue | Villager (Male) |
| 12:52 | Research | Fletching |
| 13:03 | Queue | Villager (Male) |
| 13:25 | Build | Stable |
| 13:27 | Queue | Villager (Male) |
| 13:27 | Queue | Villager (Male) |
| 13:31 | Build | House |
| 14:00 | Build | Farm |
| 14:19 | Queue | Villager (Male) |
| 14:25 | Queue | Scout Cavalry |
| 14:26 | Queue | Scout Cavalry |
| 14:28 | Build | Farm |
| 14:30 | Build | Farm |
| 14:33 | Build | Farm |
| 14:36 | Queue | Villager (Male) |
| 14:38 | Research | Double-Bit Axe |
| 15:12 | Build | Farm |
| 15:16 | Build | Farm |
| 15:19 | Queue | Villager (Male) |
| 15:53 | Queue | Scout Cavalry |
| 15:53 | Queue | Villager (Male) |
| 15:55 | Build | Farm |
| 16:21 | Build | Mining Camp |
| 16:23 | Queue | Villager (Male) |
| 16:23 | Queue | Villager (Male) |
| 16:26 | Build | Farm |
| 16:41 | Queue | Villager (Male) |
| 16:43 | Build | Farm |
| 17:13 | Queue | Scout Cavalry |
| 17:31 | Queue | Villager (Male) |
| 17:31 | Queue | Villager (Male) |
Match timeline
| 7:50 | 習近平 · wall_segment Palisade Wall x10 |
| 8:19 | solidair · age_up feudal |
| 9:54 | solidair · wall_segment Palisade Wall x2 |
| 10:42 | 習近平 · first_building Barracks |
| 10:58 | solidair · wall_segment Palisade Wall x1 |
| 11:00 | solidair · wall_segment Palisade Wall x1 |
| 11:36 | solidair · wall_segment Palisade Wall x1 |
| 11:36 | solidair · wall_segment Palisade Wall x1 |
| 11:37 | solidair · wall_segment Palisade Wall x1 |
| 11:41 | solidair · wall_segment Palisade Wall x1 |
| 11:42 | solidair · wall_segment Palisade Wall x1 |
| 11:46 | 習近平 · age_up feudal |
| 11:53 | solidair · first_building Barracks |
| 12:05 | solidair · wall_segment Palisade Wall x1 |
| 12:17 | solidair · wall_segment Palisade Wall x2 |
| 12:17 | solidair · wall_segment Palisade Wall x3 |
| 13:25 | 習近平 · first_building Stable |
| 15:59 | solidair · wall_segment Palisade Wall x1 |
| 16:00 | solidair · wall_segment Palisade Wall x1 |
| 16:44 | solidair · wall_segment Palisade Wall x1 |
| 17:37 | solidair · wall_segment Palisade Wall x1 |
| 17:38 | solidair · wall_segment Palisade Wall x1 |
| 17:38 | solidair · wall_segment Palisade Wall x1 |
| 17:45 | solidair · wall_segment Palisade Wall x2 |
| 17:55 | solidair · resign |
[ AI ANALYSIS · 1 CREDIT ]
What really happened in this match?
Wolo.gg analyzes every decision: build order, eco, micro, common mistakes by bracket. Personalized analysis on WhatsApp or Discord in 30 seconds.
Civ guide
Teutons
Perfil
Jugador #4396973